Map: Whirlwind LE (Void)

Players

Musumeci

  • Race: Zerg Zerg
  • League: Diamond
  • Spawn Location: 7:00

CunderThunt - Winner!

  • Race: Zerg Zerg
  • League: Diamond
  • Spawn Location: 5:00

VOD

Have the link to the VOD?

Description

Time

  • Played on: Dec. 28, 2016, 8:42 a.m.
  • Length: 5:27
Show
View Real Time Build Order
Export as new Build Order

Musumeci Zerg 

Build Orders: Hatch First 

Get SALT Encoding   

  12  0:01  Drone  
  13  0:08  Drone  
  14  0:28  Extractor  
  14  0:29  Drone  
  14  0:30  Drone, Extractor  
  16  0:40  Overlord  
  16  0:52  Hatchery  
  15  1:00  Drone x2  
  17  1:14  Spawning Pool  
  17  1:17  Drone  
  17  1:21  Drone  
  18  1:25  Extractor  
  17  1:38  Drone  
  18  1:43  Drone  
  19  1:53  Drone  
  20  2:00  Queen  
  22  2:04  Queen  
  22  2:05  Zergling x4  
  26  2:26  Zergling x4  
  26  2:28  Metabolic Boost  
  28  2:35  Evolution Chamber  
  27  2:46  Zergling x2  
  25  3:24  Zergling x6  
  28  3:27  Overlord x2  
  28  3:30  Baneling Nest  
  28  3:34  Evolution Chamber  
  26  3:40  Zergling x8  
  28  3:46  Zergling x8  
  32  3:53  Zergling x2  
  33  3:59  Zergling x14  
  20  4:32  Zergling x10  
  20  4:37  Zergling x2  
  21  4:54  Zergling x4  
  21  4:57  Zergling x4  
  24  5:00  Baneling x2  
Show
View Real Time Build Order
Export as new Build Order

CunderThunt Zerg - Winner!

Build Orders: Hatch First, Zergling Baneling 

Get SALT Encoding   

  12  0:00  Drone  
  13  0:12  Overlord  
  13  0:17  Drone  
  14  0:30  Drone x2  
  14  0:34  Drone  
  17  0:52  Hatchery  
  17  0:56  Drone  
  17  0:57  Drone  
  18  1:10  Extractor  
  17  1:12  Spawning Pool  
  17  1:15  Drone  
  17  1:21  Drone  
  18  1:28  Drone  
  19  1:44  Overlord  
  19  1:55  Drone  
  20  2:02  Queen, Drone  
  20  2:03  Queen  
  20  2:04  Drone  
  26  2:13  Zergling x2  
  26  2:14  Metabolic Boost  
  27  2:20  Drone  
  28  2:28  Drone x2  
  30  2:35  Overlord  
  30  2:38  Zergling x2  
  31  2:46  Baneling Nest  
  31  2:48  Drone x2  
  32  2:56  Drone  
  33  3:05  Zergling x4  
  33  3:15  Zergling x4  
  33  3:16  Zergling x4  
  37  3:27  Drone x4  
  40  3:35  Zergling x4  
  40  3:38  Hatchery  
  40  3:49  Zergling x4  
  40  3:53  Baneling  
  40  3:54  Baneling x2  
  40  3:55  Baneling x5  
  42  3:56  Zergling x2  
  42  3:59  Overlord  
  41  4:29  Zergling x2  
  41  4:30  Zergling x2  
  41  4:31  Zergling x10  
  44  4:33  Queen  
  44  4:37  Baneling  
  44  4:38  Baneling, Zergling x2  
  47  4:39  Zergling x6  
  47  4:41  Baneling x2  
  47  4:43  Overlord  
  49  4:54  Zergling x8  
  53  5:01  Overlord  
Tags
 
Add a new tag
Caveats
  • Supply blocks, unpowered buildings, or Contaminate may cause inaccurate times.
  • Supply counts are checked every 10 seconds.